AoeStats
← LimitBid70

Fortress

509602833Analyzed
2v2 RM · 4d ago on Sep 27, 2026· 47m 5s· 4 players
Game mode
Random Map
Map size
Normal (6 player)
Population
200
Speed
Normal
Resources
Standard
Victory
Conquest
Starting age
Dark Age
Ending age
Imperial Age
RankedLock teamsTeams togetherTeam positionsShared explorationLock speedFull tech treeHidden civsTurbo modeCheats
Victory
Defeat
🇳🇴 Goths · Norway
980
+20
🇩🇪 Khmer · Germany
975
+20
🇦🇺 Slavs · Australia
1060
-20
🇦🇺 Mapuche · Australia
1059
-20
LimitBid70
9:39 Feudal Age
11:27 Double-Bit Axe
13:42 Castle Age
12:54 Fletching
13:04 Padded Archer Armor
14:33 Gold Mining
15:18 Malon
15:47 Bow Saw
18:21 Gold Shaft Mining
19:46 Loom
19:47 Town Watch
22:05 Bodkin Arrow
22:25 Leather Archer Armor
26:58 Imperial Age
27:54 Ballistics
28:12 Conscription
29:31 Chemistry
28:51 Butalmapu
31:47 Ring Archer Armor
32:03 Wheelbarrow
31:40 Elite Bolas Rider
40:16 Hoardings
brian433
8:43 Feudal Age
11:14 Double-Bit Axe
14:00 Castle Age
12:11 Man-at-Arms
13:06 Scale Mail Armor
13:17 Forging
15:52 Bow Saw
16:05 Long Swordsman
16:47 Squires
17:03 Chain Mail Armor
17:11 Horse Collar
18:10 Wheelbarrow
17:21 Town Watch
20:17 Hand Cart
22:08 Heavy Plow
26:51 Imperial Age
24:22 Gold Mining
24:21 Long Swordsman
25:49 Bow Saw
26:21 Iron Casting
26:30 Gold Shaft Mining
26:57 Two-Handed Swordsman
28:33 Druzhina
28:09 Champion
31:33 Plate Mail Armor
31:39 Town Patrol
32:40 Blast Furnace
32:47 Conscription
39:49 Scale Barding Armor
40:05 Masonry
40:06 Fortified Wall
43:03 Caravan
44:04 Chain Barding Armor
ChaosP.
6:07 Feudal Age
6:52 Horse Collar
6:59 Double-Bit Axe
8:26 Wheelbarrow
14:59 Castle Age
16:48 Bow Saw
17:02 Heavy Plow
17:49 Anarchy
18:15 Gold Mining
19:04 Forging
18:55 Loom
20:27 Squires
23:07 Iron Casting
22:33 Scale Mail Armor
23:41 Ballistics
26:33 Imperial Age
25:33 Chain Mail Armor
25:25 Murder Holes
25:49 Hand Cart
30:16 Perfusion
39:14 Man-at-Arms
42:55 Chemistry
42:04 Elite Skirmisher
44:00 Blast Furnace
43:01 Padded Archer Armor
42:51 Fletching
Hagen
8:12 Feudal Age
12:19 Castle Age
10:40 Double-Bit Axe
10:37 Horse Collar
13:27 Wheelbarrow
13:48 Heavy Plow
17:59 Bow Saw
20:54 Hand Cart
21:27 Gold Mining
23:05 Stone Mining
23:54 Gold Shaft Mining
23:30 Scale Barding Armor
27:29 Imperial Age
25:33 Chain Barding Armor
25:24 Forging
26:14 Stone Shaft Mining
26:38 Town Watch
27:21 Ballistics
27:00 Murder Holes
26:33 Pikeman
27:28 Bloodlines
27:20 Husbandry
26:47 Light Cavalry
26:54 Light Cavalry
28:05 Town Patrol
28:59 Conscription
28:41 Double Crossbow
28:14 Elite Ballista Elephant
30:29 Chemistry
29:41 Fortified Wall
30:41 Hoardings
30:18 Hussar
31:36 Iron Casting
31:37 Plate Barding Armor
30:53 Loom
31:17 Siege Engineers
37:30 Blast Furnace
36:45 Masonry
41:53 Crop Rotation
41:14 Fletching
41:25 Padded Archer Armor
41:25 Scale Mail Armor
Connection lost

Rejoining the realm…

Still unreachable

The connection could not be restored.

Session expired

The server has moved on; the page needs a fresh start.